 Dungeon Crawl Stone Soup version 0.24.0-28-g17ded55e90 (webtiles) character file.

Game seed: 18114076859175492094, levelgen mode: deterministic

1546 DildoBatman the Conjurer (level 9, -6/57 HPs)
             Began as a Formicid Wizard on Nov 12, 2019.
             Was an Initiate of Kikubaaqudgha.
             Mangled by an orc warrior
             ... wielding a +0 halberd
              (18 damage)
             ... on level 6 of the Dungeon.
             The game lasted 00:28:38 (6653 turns).

DildoBatman the Conjurer (Formicid Wizard)          Turns: 6653, Time: 00:28:38

Health: -6/57      AC:  3    Str: 12    XL:     9   Next: 11%
Magic:  1/14       EV: 12    Int: 21    God:    Kikubaaqudgha [......]
Gold:   219        SH:  0    Dex:  9    Spells: 8/15 levels left

rFire    + . .     SeeInvis +   a - +3 dagger
rCold    . . .     Gourm    .   (no shield)
rNeg     . . .     Faith    .   i - +0 robe
rPois    .         Spirit   .   (helmet unavailable)
rElec    .         Reflect  .   (no cloak)
rCorr    .         Harm     .   p - +0 pair of gloves
MR       +....                  (no boots)
Stlth    ++........             (no amulet)
HPRegen  0.19/turn              u - ring of protection from magic
MPRegen  0.14/turn              r - ring of protection from fire

@: very slightly contaminated
A: permanent stasis, dig shafts and tunnels, four strong arms, antennae 3
a: Dig, Shaft Self, Renounce Religion


You were on level 6 of the Dungeon.
You worshipped Kikubaaqudgha.
Kikubaaqudgha was noncommittal.
You were near starving.

You visited 2 branches of the dungeon, and saw 7 of its levels.

You collected 219 gold pieces.

Inventory:

Hand Weapons
 a - a +3 dagger (weapon)
 b - a +0 hunting sling
 c - a +0 spear of flaming
 s - a cursed -1 hand axe
 L - a +0 dagger of venom
Missiles
 e - 2 javelins
 h - 61 sling bullets
 j - 148 stones
 y - 57 arrows
 D - 10 poisoned darts
 E - 3 boomerangs (quivered)
 G - a throwing net
 I - 51 bolts
Armour
 d - a +0 buckler
 i - a +0 robe (worn)
 p - a +0 pair of gloves (worn)
Jewellery
 r - a ring of protection from fire (right hand)
 u - a ring of protection from magic (left hand)
 K - an uncursed ring of protection from fire
Wands
 A - a wand of disintegration (5)
 C - a wand of flame (7)
 F - a wand of iceblast (4)
 M - a wand of polymorph (5)
Scrolls
 g - 2 scrolls of fog
 m - a scroll of enchant armour
 n - a scroll of noise
 q - a scroll of amnesia
 x - 4 scrolls of remove curse
 z - 5 scrolls of identify
 J - a scroll of magic mapping {unknown}
 N - a scroll of enchant weapon {unknown}
Potions
 f - 4 potions of brilliance {unknown}
 k - 2 potions of curing
 l - 2 potions of heal wounds {unknown}
 o - a potion of mutation {unknown}
 t - a potion of flight {unknown}
 w - 2 potions of haste {unknown}
 B - a potion of degeneration {unknown}
 H - 2 potions of lignification {unknown}
Comestibles
 v - 13 rations


   Skills:
 - Level 1.7 Dodging
 - Level 2.4 Stealth
 * Level 3.7 Spellcasting
 - Level 6.0 Conjurations
   Level 1.0 Summonings
   Level 0.8 Translocations
 - Level 5.0 Fire Magic
 - Level 5.2 Air Magic


You had 8 spell levels left.
You knew the following spells:

 Your Spells              Type           Power        Failure   Level  Hunger
a - Conjure Flame         Conj/Fire      ####....     3%          3    ###....
c - Magic Dart            Conj           ####         1%          1    None
e - Mephitic Cloud        Conj/Pois/Air  ###.....     8%          3    ###....

Your spell library contained the following spells:

 Spells                   Type           Power        Failure   Level  Hunger
 Confusing Touch          Hex            #.....       12%         1    None
 Call Imp                 Summ           #.......     12%         2    ##.....
 Slow                     Hex            #.......     19%         2    ##.....
 Gell's Gravitas          Tloc           #.........   26%         3    ###....
 Confuse                  Hex            #.......     36%         3    ###....
 Petrify                  Tmut/Erth      #.......     77%         4    ####...
 Metabolic Englaciation   Hex/Ice        #.........   98%         5    ######.
 Yara's Violent Unravell  Hex/Tmut       #.........   98%         5    ######.
 Blink                    Tloc           Unusable     N/A         2    N/A

Dungeon Overview and Level Annotations

Branches:
Dungeon (6/15)             Temple (1/1) D:6

Altars:
Ashenzari
Cheibriados
Elyvilon
Fedhas
Hepliaklqana
Kikubaaqudgha
Makhleb
Nemelex Xobeh
Qazlal
Vehumet
Wu Jian
Xom
Yredelemnul
Zin
The Shining One

Annotations:
D:2 Sigmund, Terence
D:3 1 runed translucent door, exclusions: goblin and 1 more exclusion, Crazy Yiuf, Grinder
D:6 1 exclusion


Innate Abilities, Weirdness & Mutations

You cannot be hasted, slowed, berserked, paralysed or teleported.
You can dig through walls and to a lower floor.
Your four strong arms can wield two-handed weapons with a shield.
You have a pair of large antennae on your head. (SInv)


Message History

You hit the orc warrior but do no damage.
The orc warrior is moderately wounded.
The orc warrior is engulfed in blazing flames.
The orc warrior hits you with a +0 halberd!!
The orc wizard is engulfed in blazing flames.
You kill the orc wizard!
Kikubaaqudgha accepts your kill.
You barely miss the orc warrior.
The orc warrior is heavily wounded.
The orc warrior is engulfed in blazing flames.
You extend your mandibles.
You dig through the rock wall.
You dig through the rock wall.
You are near starving!
The orc warrior hits you with a +0 halberd!!
You dig through the rock wall.
The orc warrior seems less confused.
The orc warrior hits you from afar with a +0 halberd!!
You die...
Kikubaaqudgha rasps: "You have failed me!
Welcome... death!"

#######.###########
#.#...÷......
#.#.########. #...
##.#.#......#. #...
#....#..###.#. #..o
#..###..# #.#. #...
#..####.# #.#.
#o).#####..#....# #.#.
#...#@##.....##.# #.#.
####...##.......######.#.
.......)○o§...)..........
.......###......######.##
.....## #......# #)# ....
#......# #.# ... #.#'##.#
#.# .. #.#.##.# #<## .
#.#.##.# ##.#


You could see an orc warrior.

Vanquished Creatures
  A sky beast (D:6)
  An ice beast (D:6)
  2 ogres
  A centaur (D:6)
  2 bullfrogs
  A scorpion (D:6)
  5 killer bees (D:5)
  2 wights (D:6)
  2 howler monkeys (D:5)
  3 hounds
  A bullfrog skeleton (D:6)
  6 orc wizards
  2 worker ants
  A hound zombie (D:4)
  6 adders
  5 gnolls
  A howler monkey skeleton (D:5)
  A shadow imp (D:5)
  An ooze (D:3)
  An adder zombie (D:6)
  2 adder skeletons (D:5)
  2 dart slugs
  2 leopard geckos
  21 orcs
  7 giant cockroaches
  4 goblins
  6 hobgoblins
  14 jackals
  11 kobolds
  2 quokkas
  A ball python skeleton (D:4)
  7 bats
  4 frilled lizards
  A jackal skeleton (D:4)
  2 leopard gecko skeletons
  A quokka zombie (D:6)
  2 rats (D:1)
134 creatures vanquished.

Notes
Turn   | Place    | Note
-------+----------+-------------------------------------------
     0 | D:1      | DildoBatman the Formicid Wizard began the quest for the
                  | Orb.
     0 | D:1      | Reached XP level 1. HP: 13/13 MP: 4/4
    35 | D:1      | Reached skill level 1 in Conjurations
   350 | D:1      | Reached skill level 2 in Conjurations
   350 | D:1      | Reached XP level 2. HP: 19/19 MP: 0/6
   603 | D:1      | Reached XP level 3. HP: 24/24 MP: 5/7
   608 | D:1      | Learned a level 3 spell: Conjure Flame
   612 | D:1      | Learned a level 3 spell: Mephitic Cloud
  1038 | D:1      | Reached skill level 3 in Conjurations
  1323 | D:2      | Reached XP level 4. HP: 28/30 MP: 2/8
  1809 | D:3      | Noticed Sigmund
  2044 | D:3      | Found a faded altar of an unknown god.
  2112 | D:3      | Noticed Terence
  2269 | D:3      | Noticed Grinder
  2394 | D:3      | Found a runed translucent door.
  2395 | D:3      | Noticed Crazy Yiuf
  2541 | D:3      | Reached skill level 4 in Conjurations
  2541 | D:3      | Reached XP level 5. HP: 26/35 MP: 7/9
  2852 | D:4      | Reached skill level 5 in Conjurations
  2852 | D:4      | Reached XP level 6. HP: 9/41 MP: 0/10
  3012 | D:4      | Noticed an ogre
  3235 | D:4      | Found a sparkling altar of Nemelex Xobeh.
  3283 | D:4      | Found a stormy altar of Qazlal.
  3457 | D:4      | Killed an ogre
  3763 | D:4      | Reached skill level 6 in Conjurations
  3779 | D:4      | Reached XP level 7. HP: 46/46 MP: 1/11
  4247 | D:5      | Entered Level 5 of the Dungeon
  4296 | D:5      | Reached skill level 1 in Fire Magic
  4296 | D:5      | Reached skill level 1 in Air Magic
  4771 | D:5      | Reached XP level 8. HP: 21/52 MP: 1/12
  5847 | D:6      | Found a staircase to the Ecumenical Temple.
  5912 | Temple   | Entered the Ecumenical Temple
  5916 | Temple   | HP: 1/52 [bullfrog (8)]
  5925 | Temple   | HP: 2/52 [cloud of noxious fumes (2)]
  6252 | Temple   | Became a worshipper of Kikubaaqudgha
  6340 | D:6      | Reached skill level 5 in Fire Magic
  6345 | D:6      | Reached XP level 9. HP: 22/57 MP: 1/13
  6396 | D:6      | Reached skill level 5 in Air Magic
  6653 | D:6      | Mangled by an orc warrior

Levels and vault maps discovered:
D:1:      psy_arrival_statuary, layout_loops_ring
D:2:      layout_rooms
D:3:      layout_rooms, tgw_sif, chequers_ecumenical_altar_simple_redux,
          minmay_strange_pillars, uniq_robin, uniq_crazy_yiuf_cottage,
          uniq_sigmund, uniq_terence, uniq_grinder
D:4:      layout_basic, grunt_qazlal_clouds, eino_small_chamber_without_monster,
          nemelex_spade_bored_becter
D:5:      layout_rooms, first_ration
D:6:      layout_basic, minmay_temple_entry_statues_fountains, basic_altar
Temple:   minmay_temple_curvy_branch

Skill      XL: |  1  2  3  4  5  6  7  8  9 |
---------------+----------------------------+-----
Conjurations   | 2 3 4 5 6 |  6.0
Fire Magic     | 3 5 |  5.0
Air Magic      | 2 4 5 |  5.2
Dodging        | |  1.7
Stealth        | |  2.4
Spellcasting   | |  3.7
Summonings     | |  1.0
Translocations | |  0.8

Action                   |  1- 3 |  4- 6 |  7- 9 || total
-------------------------+-------+-------+-------++-------
Melee: Spear             |    10 |       |    52 ||    62
       Dagger            |    14 |    55 |    60 ||   129
       Short sword       |    13 |       |       ||    13
 Fire: Hunting sling     |       |       |     1 ||     1
Throw: Boomerang         |       |       |     3 ||     3
       Javelin           |       |       |     2 ||     2
 Cast: Magic Dart        |    68 |    93 |    73 ||   234
       Mephitic Cloud    |       |    13 |    19 ||    32
       Conjure Flame     |       |     4 |    20 ||    24
 Abil: Dig               |       |     5 |    15 ||    20
Evoke: Wand              |       |     3 |     8 ||    11
  Use: Scroll            |       |     5 |     3 ||     8
       Potion            |       |       |     5 ||     5
 Stab: Confused          |       |     3 |     1 ||     4
  Eat: Chunk             |     1 |    10 |    13 ||    24
Armor: Robe              |     8 |     9 |    30 ||    47
Dodge: Dodged            |    44 |    52 |    85 ||   181
